 Seeded DCSS version 0.28-a0-1555-g9ae15a6949 (webtiles) character file.

Game seed: 77 (custom seed)

13 knot the Chopper (level 2, 31/36 HPs)
             Began as a Demonspawn Berserker on Jan 19, 2022.
             Was a Follower of Trog.
             Quit the game on level 2 of the Dungeon.
             The game lasted 00:00:22 (748 turns).

knot the Chopper (Demonspawn Berserker)              Turns: 748, Time: 00:00:23

Health: 31/36      AC:  2    Str: 17    XL:     2   Next: 24%
Magic:  2/2        EV: 12    Int:  8    God:    Trog [*.....]
Gold:   26         SH:  0    Dex: 12    Spells: 1/1 levels left

rFire   . . .      SeeInvis .   a - +0 hand axe
rCold   . . .      Faith    .   (no shield)
rNeg    . . .      Spirit   .   b - +0 animal skin
rPois   .          Reflect  .   (no helmet)
rElec   .          Harm     .   (no cloak)
rCorr   .          Rampage  .   (no gloves)
Will    .....                   (no boots)
Stlth   ..........              (no amulet)
HPRegen 0.12/turn               (no ring)
MPRegen 0.08/turn               (no ring)

@: berserking, very quick
A: demonic guardian 1
a: Renounce Religion, Berserk


You were on level 2 of the Dungeon.
You worshipped Trog.
Trog was aware of your devotion.
You visited 1 branch of the dungeon, and saw 2 of its levels.

You collected 26 gold pieces.

Inventory:

Hand Weapons
 a - a +0 hand axe (weapon)
Missiles
 f - 9 stones (quivered)
Armour
 b - a +0 animal skin (worn)
Scrolls
 d - 3 scrolls of teleportation {unknown}
 e - a scroll of magic mapping {unknown}
Potions
 c - 2 potions of flight {unknown}
 g - a potion of heal wounds {unknown}


   Skills:
 - Level 3.0 Fighting
 + Level 3.4 Axes
 - Level 1.7 Armour
 - Level 1.7 Dodging


You had one spell level left.
You didn't know any spells.
Your spell library contained the following spells:

 Spells                   Type           Power      Damage    Failure   Level
 Slow                     Hex            0%         N/A       41%         1
 Confusing Touch          Hex            0%         N/A       78%         3
 Summon Guardian Golem    Hex/Summ       0%         N/A       78%         3
 Vampiric Draining        Necr           0%         2d6       78%         3
 Orb of Destruction       Conj           0%         9d5       100%        7
 Spellforged Servitor     Conj/Summ      0%         N/A       100%        7


Dungeon Overview and Level Annotations

Branches:
Dungeon (2/15)

Altars:

Shops:
D:2 *

Annotations:
D:2 Robin


Innate Abilities, Weirdness & Mutations

A weak demonic guardian rushes to your aid.


Message History

No target in view!
Done exploring.
Done exploring.
No target in view!
(D) Dungeon
Where to? (? - help)
You see here a +1 short sword of flaming.
There is a stone staircase leading down here.
You climb downwards.
Robin shouts!
The goblin shouts!
The hobgoblin shouts!
The goblin shouts! x4
The ball python hisses angrily.
The hobgoblin shouts!
The goblin shouts!
You hear a shout!
Found 12 gold pieces.
Found Kurymol's General Store.
There is a stone staircase leading up here.
There are monsters nearby!
A red film seems to cover your vision as you go berserk!
You feel yourself moving faster!
You feel mighty!
A hobgoblin comes into view.
The goblin hits you with a +0 dagger. The goblin hits you but does no damage.
The goblin hits you with a +0 club. The hobgoblin closely misses you.
Robin roars a battlecry!
The goblins go into a battle-frenzy!
You barely miss the goblin. You slash the goblin!
You kill the goblin!
Trog accepts your kill.
You closely miss the goblin. You barely miss the hobgoblin. You hit the goblin.
You kill the goblin!
Trog accepts your kill.
You slash the hobgoblin!
You kill the hobgoblin!
Trog accepts your kill.
You have reached level 2!
Your demonic ancestry asserts itself...
You feel the presence of a demonic guardian.
You closely miss the goblin. You barely miss the goblin.
You slash the hobgoblin!
You kill the hobgoblin!
Trog accepts your kill. The goblin closely misses you.
The goblin completely misses you.
Are you sure you want to abandon this character and quit the game? (Confirm with "yes".)

... .....# ...
..$.# ... ....#
... ....
#.##..######
#..........#
.###.gg∩).....#
......g@†S....#
.####.gg......#
###.##..... #g#
#.##


gg# .# ... . #.. #.. You could see Robin, a hobgoblin (strong), 6 goblins and a
ball python.

Vanquished Creatures
  2 goblins (D:2)
  4 hobgoblins
  A kobold (D:1)
  A ball python (D:1)
  4 rats (D:1)
12 creatures vanquished.

Notes
Turn   | Place    | Note
-------+----------+-------------------------------------------
     0 | D:1      | knot the Demonspawn Berserker began the quest for the Orb.
     0 | D:1      | Reached XP level 1. HP: 18/18 MP: 1/1
   744 | D:2      | Noticed Robin
   744 | D:2      | Found Kurymol's General Store.
   747 | D:2      | Gained mutation: A weak demonic guardian rushes to your
                  | aid. [demonic ancestry]
   747 | D:2      | Reached XP level 2. HP: 24/24 MP: 2/2
   748 | D:2      | Quit the game

Illustrated notes

Levels and vault maps discovered:
D:1:      saegor_arrival_simple_a, layout_loops_ring, item_on_display_a
D:2:      layout_rooms, serial_shops, shop, nicolae_shop_bloodbath_and_beyond,
          shop, nicolae_diamond_shop, shop, chequers_serial_rivers_micro_a,
          minmay_fractal_squares_gapless_5, uniq_robin

Skill      XL: |  1 |
---------------+----+-----
Axes           | 3 |  3.4
Fighting       | |  3.0
Armour         | |  1.7
Dodging        | |  1.7

Action                   || total
-------------------------++-------
Melee: Hand axe          ||    27
Invok: Berserk           ||     1
Armor: Animal skin       ||     4
Dodge: Dodged            ||    18

Table legend: (Time is in decaauts)
 A = Elapsed time spent in this place.
 B = Non-inter-level travel time spent in this place.
 C = Inter-level travel time spent in this place.
 D = Time resting spent in this place.
 E = Time spent auto-exploring this place.
 F = Levels seen in this place.
 G = Mean time per level.
                   A        B        C        D        E       F      G
               +--------+--------+--------+--------+--------+-----+--------+
         Total |    751 |    726 |     25 |     71 |    588 |   2 |  375.5 |
       Dungeon |    751 |    726 |     25 |     71 |    588 |   2 |  375.5 |
               +--------+--------+--------+--------+--------+-----+--------+

Top non-repeatable levels by time:
     D:1: 747 daAuts
     D:2: 3 daAuts
